 Dungeon Sprint DCSS version 0.21.1-1-g345015f (webtiles) character file.

1535 wilfster70 the Unseen (level 8, -7/36 HPs)
             Began as a Vine Stalker Enchanter on May 11, 2018.
             Was a Follower of Vehumet.
             Shot with an arrow by a centaur warrior (19 damage)
             ... in the Dungeon (Sprint I: "Red Sonja").
             The game lasted 00:02:46 (314 turns).

wilfster70 the Unseen (Vine Stalker Enchanter)       Turns: 314, Time: 00:02:47

Health: -7/36      AC:  2    Str: 10    XL:     8   Next: 86%
Magic:  0/18       EV: 12    Int: 17    God:    Vehumet [*.....]
Gold:   258        SH:  0    Dex: 16    Spells: 11/20 levels left

rFire    . . .     SeeInvis .   a - +1 dagger
rCold    . . .     Gourm    .   (no shield)
rNeg     . . .     Faith    .   f - +0 robe {Archmagi}
rPois    .         Spirit   +   (no helmet)
rElec    .         Reflect  .   (no cloak)
rCorr    .         Harm     .   (no gloves)
MR       +....     NoTele   +   (no boots)
Stlth    ++++......             (no amulet)
HPRegen  0.52/turn              (no ring)
MPRegen  0.16/turn              (no ring)

@: very slow
A: fangs 3, regeneration 1, magic shield, antimagic bite, no potion heal 3, rot
immunity
a: Renounce Religion


You were in the Dungeon.
You worshipped Vehumet.
Vehumet was aware of your devotion.
You were not hungry.

You visited 1 branch You collected 535 gold pieces.
You spent 277 gold pieces at shops.

Inventory:

Hand Weapons
 a - a +1 dagger (weapon)
Armour
 b - a +0 robe
 f - a +0 robe of the Archmagi (worn)
Scrolls
 i - a scroll of identify {unknown}
 j - 2 scrolls of blinking
 k - a scroll of amnesia {unknown}
Potions
 e - 2 potions of curing
 g - a potion of haste
 h - 2 potions of magic
Books
 c - a book of Maledictions

   Spells                             Type                      Level
   a - Corona                         Hexes                        1
   b - Ensorcelled Hibernation        Hexes/Ice                    2
   c - Confuse                        Hexes                        3
   d - Tukima's Dance                 Hexes                        3
   e - Dazzling Spray                 Conjuration/Hexes            3
Comestibles
 d - 2 rations


   Skills:
 - Level 0.8 Short Blades
 - Level 1.5 Dodging
 + Level 18.2 Stealth
 - Level 6.5 Spellcasting
 - Level 10.7 Hexes
 + Level 0.0 Ice Magic


You had 11 spell levels left.
You knew the following spells:

 Your Spells              Type           Power        Failure   Level  Hunger
a - Dazzling Spray        Conj/Hex       #####.       4%          3    ##.....
b - Ensorcelled Hibernat  Hex/Ice        #####.       1%          2    None
c - Confuse               Hex            ######..     1%          3    ##.....
d - Corona                Hex            ######.      1%          1    None


Dungeon Overview and Level Annotations

Branches:
Dungeon (1/1)

Altars:
Cheibriados
Dithmenos
Elyvilon
Fedhas
Gozag
Hepliaklqana
Kikubaaqudgha
Nemelex Xobeh
Okawaru
Qazlal
Ru
Sif Muna
Trog
Uskayaw
Vehumet
Wu Jian
Yredelemnul
Zin
The Shining One

Shops:
D (%[


Innate Abilities, Weirdness & Mutations

You have razor-sharp teeth.
Your natural rate of healing is unusually fast.
When hurt, damage is shared between your health and your magic reserves.
Your bite disrupts and absorbs the magic of your enemies.
Potions cannot restore your health.
You are immune to rotting.


Message History

Moving in this stuff is going to be slow. 2 centaur warriors come into view.
The centaur warrior shouts! x2
The centaur warrior wields a longbow.
The centaur warrior shoots an arrow.
The arrow hits you!
You hear a splash.
The centaur warrior closely misses you.
The centaur warrior shoots an arrow.
The arrow hits you!!
You hear a splash.
Found a ration and a cyan potion.
You see here 2 arrows.
Casting: Ensorcelled Hibernation
Confirm with . or Enter, or press ? or * to list all spells.
Aiming: Ensorcelled Hibernation
Press: ? - help, Shift-Dir - straight line, f - centaur warrior
Aim: a centaur warrior (purple smoke, chance to defeat MR: 46%)
You feel a surge of power!
The centaur warrior looks drowsy...
The centaur warrior shoots an arrow.
The arrow hits you!!
Ouch! That really hurt!
You die...

##############
.#.['..#.)'..#
.'..#..'..#..+
.#####'#####'# ##
.####..#...#.####§§
.#__####..##(#§§§§§#
.#_____##'#_.+§§§c§+
⌠#_.∩...'..._#§§@§c
##_..__##_.#'##§###
#_____###'#.#(.§.###
##########.####'###.##
........'.!.'.....'(∩#
#++++####.).##########
##.## #+#


You could see 2 centaur warriors.

Vanquished Creatures
  Sonja (D)
  A deep troll (D)
  A yak (D)
  Sigmund (D)
  An ogre (D)
  A jelly (D)
  Ijyb (D)
7 creatures vanquished.

Notes
Turn   | Place    | Note
-------+----------+-------------------------------------------
     0 | D        | wilfster70 the Vine Stalker Enchanter began the quest for the Orb.
     0 | D        | Reached XP level 1. HP: 9/9 MP: 4/4
     1 | D        | Noticed Ijyb
     7 | D        | Killed Ijyb
     7 | D        | Reached skill level 6 in Stealth
     7 | D        | Reached XP level 2. HP: 13/13 MP: 4/6
     7 | D        | Reached XP level 3. HP: 16/16 MP: 5/8
    15 | D        | Learned a level 2 spell: Ensorcelled Hibernation
    19 | D        | Learned a level 3 spell: Confuse
    37 | D        | Noticed an ogre
    51 | D        | Killed an ogre
    51 | D        | Reached skill level 9 in Stealth
    51 | D        | Gained mutation: Your natural rate of healing is unusually fast. [Vine Stalker growth]
    51 | D        | Reached XP level 4. HP: 2/21 MP: 0/10
   146 | D        | Noticed Sigmund
   149 | D        | Killed Sigmund
   149 | D        | Reached skill level 12 in Stealth
   149 | D        | Reached XP level 5. HP: 24/24 MP: 10/12
   149 | D        | Reached XP level 6. HP: 28/28 MP: 10/13
   154 | D        | Learned a level 3 spell: Dazzling Spray
   165 | D        | Found a deep blue altar of Sif Muna.
   166 | D        | Found an ornate altar of the Wu Jian Council.
   167 | D        | Found a radiant altar of Vehumet.
   174 | D        | Became a worshipper of Vehumet
   190 | D        | Found Nuicozu's Food Emporium.
   190 | D        | Found an ancient bone altar of Kikubaaqudgha.
   190 | D        | Found a hazy altar of Hepliaklqana.
   190 | D        | Found a hide-covered altar of Uskayaw.
   190 | D        | Found a basalt altar of Yredelemnul.
   190 | D        | Found an opulent altar of Gozag.
   190 | D        | Found a snail-covered altar of Cheibriados.
   190 | D        | Found a sacrificial altar of Ru.
   190 | D        | Found a shadowy altar of Dithmenos.
   190 | D        | Noticed a yak
   191 | D        | Found a stormy altar of Qazlal.
   191 | D        | Found a blossoming altar of Fedhas.
   191 | D        | Found a bloodstained altar of Trog.
   191 | D        | Found an iron altar of Okawaru.
   191 | D        | Found a glowing golden altar of the Shining One.
   191 | D        | Found a glowing silver altar of Zin.
   191 | D        | Found a white marble altar of Elyvilon.
   192 | D        | Killed a yak
   192 | D        | Reached skill level 14 in Stealth
   192 | D        | Reached skill level 5 in Spellcasting
   192 | D        | Reached XP level 7. HP: 32/32 MP: 15/15
   193 | D        | Found a sparkling altar of Nemelex Xobeh.
   218 | D        | Noticed Sonja
   222 | D        | Killed Sonja
   222 | D        | Reached skill level 16 in Stealth
   222 | D        | Reached skill level 10 in Hexes
   222 | D        | Gained mutation: You have razor-sharp teeth. [Vine Stalker growth]
   222 | D        | Reached XP level 8. HP: 36/36 MP: 15/18
   237 | D        | Found Oginacox's Antique Weapon Boutique.
   257 | D        | Noticed a deep troll
   261 | D        | Killed a deep troll
   261 | D        | Reached * piety under Vehumet
   261 | D        | Offered knowledge of Freeze by Vehumet.
   261 | D        | Reached skill level 18 in Stealth
   267 | D        | Found Kewk's Armour Emporium.
   271 | D        | Bought a +0 robe of the Archmagi for 277 gold pieces
   313 | D        | Noticed a centaur warrior
   313 | D        | Noticed a centaur warrior
   314 | D        | Shot with an arrow by a centaur warrior

Skill      XL: |  1  2  3  4  5  6  7  8 |
---------------+-------------------------+-----
Stealth        | 6 9 12 14 16 18 | 18.2
Hexes          | 4 6 7 8 10 | 10.7
Spellcasting   | 3 4 5 6 |  6.5
Short Blades   | |  0.8
Dodging        | |  1.5

Action                   |  1- 3 |  4- 6 |  7- 9 || total
-------------------------+-------+-------+-------++-------
Melee: Dagger            |     4 |     3 |     2 ||     9
       Bite              |     1 |     1 |       ||     2
 Cast: Ensorcelled Hiber |     1 |       |     1 ||     2
  Use: Potion            |     1 |       |       ||     1
 Stab: Sleeping          |     2 |     3 |     2 ||     7
Armor: Robe              |     1 |       |       ||     1
Dodge: Dodged            |     2 |       |     1 ||     3
